 Seeded DCSS version 0.30-a0-305-g026cb31310 (webtiles) character file.

Game seed: 17790380096243088950 (custom seed)

300 purpskrrrp the Ruffian (level 6, 0/59 HPs)
             Began as a Troll Delver on Oct 22, 2022.
             Succumbed to a scorpion's poison
             ... on level 5 of the Dungeon.
             The game lasted 00:01:19 (154 turns).

purpskrrrp the Ruffian (Troll Delver)                Turns: 154, Time: 00:01:19

Health: 0/59       AC:  4    Str: 23    XL:     6   Next: 13%
Magic:  5/5        EV:  9    Int:  6    God:
Gold:   4          SH:  0    Dex: 11    Spells: 5/5 levels left

rFire   . . .      SeeInvis .      - Unarmed
rCold   . . .      Faith    .    (no shield)
rNeg    . . .      Spirit   .    a - +0 robe
rPois   .          Reflect  .    (helmet restricted)
rElec   .          Harm     .    (no cloak)
rCorr   .          Rampage  .    (gloves unavailable)
Will    .....                    (boots unavailable)
Stlth   ++........               (no amulet)
HPRegen 1.09/turn                (no ring)
MPRegen 0.09/turn                (no ring)

@: lethally poisoned (0 -> -2), hasted, very quick
A: large, unfitting armour, claws 3, regeneration 1, shaggy fur 1, tough skin 1
a: no special abilities


You were on level 5 of the Dungeon.
You visited 1 branch of the dungeon, and saw 1 of its levels.

You collected 4 gold pieces.

Inventory:

Armour
 a - a +0 robe (worn)
Wands
 f - a wand of digging (3)
Scrolls
 b - a scroll of fog
 c - a scroll of magic mapping


   Skills:
 - Level 2.4 Fighting
 - Level 1.5 Dodging
 - Level 2.7 Stealth
 + Level 6.5 Unarmed Combat


You had 5 spell levels left.
You didn't know any spells.
Your spell library was empty.

Dungeon Overview and Level Annotations

Branches:
Dungeon (5/15)
 Temple: D:4-7

Altars:


Innate Abilities, Weirdness & Mutations

You are too large for most types of armour.
You have claws for hands.
Your natural rate of healing is unusually fast.
You are covered in fur. (AC +1)
You have tough skin. (AC +1)


Message History

You are too injured to fight recklessly!
You are too injured to fight recklessly!
You are too injured to fight recklessly!
You are too injured to fight recklessly!
You are too injured to fight recklessly!
You are too injured to fight recklessly!
You are too injured to fight recklessly!
You claw the scorpion!
The scorpion is almost dead.
You feel very sick. The scorpion stings you. The orc hits you with a +0 mace.
* * * LOW HITPOINT WARNING * * *
The orc hits you with a +0 club.
* * * LOW HITPOINT WARNING * * *
You claw the scorpion!
You kill the scorpion!
* * * LOW HITPOINT WARNING * * *
You feel very sick. The orc hits you with a +0 club.
* * * LOW HITPOINT WARNING * * *
The orc barely misses you.
You have reached level 6!
You feel stronger.
Okay, then.
You feel yourself speed up.
* * * LOW HITPOINT WARNING * * *
You feel very sick. The orc hits you with a +0 mace.
* * * LOW HITPOINT WARNING * * *
The orc hits you but does no damage.
You claw the orc!
You kill the orc!
* * * LOW HITPOINT WARNING * * *
You feel sick.
You closely miss the orc.
* * * LOW HITPOINT WARNING * * *
You feel sick. The orc hits you but does no damage.
You claw the orc!
You kill the orc!
You die...

..............+...........#
...#..........#...........#
....#.#.......#...........###
..............<..............
..........###................
#<#.......###....)...........
#.........##....)..:.........
#.#.......##.....###.........
..#...#...##...o@###.........
..........##...)##...........
..>...##.. #.##....##........
......# #.##.##.##.....)..
##........ #....##.##........
##....###. ..#####....#######
##.##.# #### ###### #.. ...
### ###


You could see an orc.

Vanquished Creatures
  A water moccasin (D:5)
  A phantom (D:5)
  A scorpion (D:5)
  A hound (D:5)
  An orc wizard (D:5)
  A shadow imp (D:5)
  An ufetubus (D:5)
  A worm (D:5)
  3 orcs (D:5)
11 creatures vanquished.

Notes
Turn   | Place    | Note
-------+----------+-------------------------------------------
     0 | D:5      | purpskrrrp the Troll Delver began the quest for the Orb.
     0 | D:5      | Reached XP level 1. HP: 22/22 MP: 0/0
    10 | D:5      | Noticed a hound
    26 | D:5      | Killed a hound
    27 | D:5      | Reached skill level 3 in Unarmed Combat
    27 | D:5      | Reached XP level 2. HP: 22/29 MP: 1/1
    27 | D:5      | Reached XP level 3. HP: 27/36 MP: 2/2
    51 | D:5      | Noticed a phantom
    67 | D:5      | Killed a phantom
    68 | D:5      | Reached skill level 4 in Unarmed Combat
    68 | D:5      | Reached XP level 4. HP: 35/44 MP: 3/3
    68 | D:5      | Noticed a water moccasin
    68 | D:5      | Noticed a scorpion
    72 | D:5      | Noticed a water moccasin
    75 | D:5      | Killed a water moccasin
    76 | D:5      | Reached skill level 5 in Unarmed Combat
    76 | D:5      | Reached XP level 5. HP: 42/50 MP: 4/4
   122 | D:5      | Reached skill level 6 in Unarmed Combat
   151 | D:5      | Reached XP level 6. HP: 4/59 MP: 5/5
   151 | D:5      | HP: 2/59 [poisoned by a scorpion]
   154 | D:5      | Succumbed to a scorpion's poison

Illustrated notes

Levels and vault maps discovered:
D:5:      layout_basic, lemuel_doored_altar, nicolae_hepliaklqana_hazy_memory,
          minmay_a_box_with_orc_wizards_in_it

Skill      XL: |  1  2  3  4  5 |
---------------+----------------+-----
Unarmed Combat | 3 4 5 6 |  6.5
Fighting       | |  2.4
Dodging        | |  1.5
Stealth        | |  2.7

Action                   |  1- 3 |  4- 6 || total
-------------------------+-------+-------++-------
Melee: Unarmed           |    28 |    23 ||    51
       Punch             |     1 |     1 ||     2
  Use: Scroll            |       |     1 ||     1
       Potion            |       |     1 ||     1
 Stab: Sleeping          |     1 |       ||     1
Armor: Robe              |     7 |    12 ||    19
Dodge: Dodged            |    13 |    11 ||    24

Table legend: (Time is in decaauts)
 A = Elapsed time spent in this place.
 B = Non-inter-level travel time spent in this place.
 C = Inter-level travel time spent in this place.
 D = Time resting spent in this place.
 E = Time spent auto-exploring this place.
 F = Levels seen in this place.
 G = Mean time per level.
                   A        B        C        D        E       F      G
               +--------+--------+--------+--------+--------+-----+--------+
         Total |    149 |    130 |     19 |     19 |     35 |   1 |  149.0 |
       Dungeon |    149 |    130 |     19 |     19 |     35 |   1 |  149.0 |
               +--------+--------+--------+--------+--------+-----+--------+

Top non-repeatable levels by time:
     D:5: 149 daAuts
